 Dungeon Crawl Stone Soup version 0.32-a0-666-ge8a88695a4 (console) character file.

Game seed: 466873176321986813

15724 jejorda2 the Spear-Bearer (level 12, -9/102 HPs)
             Began as a Coglin Berserker on Mar 9, 2024.
             Was a High Priest of Trog.
             Killed from afar by a fire dragon (26 damage)
             ... with a blast of flame
             ... on level 11 of the Dungeon on Mar 10, 2024.
             The game lasted 00:30:54 (9471 turns).

jejorda2 the Spear-Bearer (Coglin Berserker)        Turns: 9471, Time: 00:30:54

Health: -9/102     AC: 17    Str: 23    XL:     12   Next: 30%
Magic:  12/12      EV:  9    Int:  6    God:    Trog [*****.]
Gold:   458        SH:  0    Dex: 14    Spells: 11/11 levels left

rFire   + . .        a - +3 spear (heavy) {Kamaljyot}
rCold   . . .        b - +0 trident {Ramón}
rNeg    . . .        v - +2 chain mail {rF+}
rPois   .            x - +2 hat {SInv}
rElec   .            (no cloak)
rCorr   .            o - +2 pair of gloves
SInv    +            (no boots)
Will    .....        (amulet unavailable) Stlth
                     (ring unavailable)
HPRegen 0.37/turn    (ring unavailable)
MPRegen 0.13/turn    (no gizmo)

%: no passive effects
@: on berserk cooldown, slowed, studying Fighting, revved, very slow
A: off-hand wielding, slow wielding, warmup strikes, no jewellery
a: Invent Gizmo, Renounce Religion, Berserk, Trog's Hand, Brothers in Arms


You were on level 11 of the Dungeon.
You worshipped Trog.
Trog was extremely pleased with you.
You visited 1 branch of the dungeon, and saw 11 of its levels.
You also visited: Sewer.

You collected 800 gold pieces.
You spent 342 gold pieces at shops.

Inventory:

Hand Weapons
 a - a +3 heavy spear (weapon) {Kamaljyot}
 b - a +0 trident (offhand) {Ramón}
Missiles
 k - 10 boomerangs
 n - 6 atropa-tipped darts
 r - 43 poisoned darts (quivered)
 y - 7 silver javelins
Armour
 o - a +2 pair of gloves (worn)
 v - a +2 chain mail of fire resistance (worn)
 x - a +2 hat of see invisible (worn)
Wands
 d - a wand of acid (12)
 e - a wand of mindburst (3)
 m - a wand of warping (2)
 s - a wand of digging (5)
 w - a wand of paralysis (6)
 z - a wand of flame (4)
Scrolls
 h - a scroll of immolation
 i - a scroll of silence
 l - 2 scrolls of fog
 p - 7 scrolls of teleportation
 A - a scroll of identify
 B - a scroll of revelation
Potions
 c - 2 potions of cancellation
 f - 4 potions of heal wounds
 g - 4 potions of curing
 j - 2 potions of resistance
 q - a potion of attraction
 t - a potion of enlightenment
 u - 5 potions of might


   Skills:
 - Level 12.0 Fighting
 * Level 13.9 Polearms
 - Level 6.0 Armour
 - Level 1.7 Dodging
 - Level 9.0 Evocations


You had 11 spell levels left.
You didn't know any spells.
Your spell library was empty.

Dungeon Overview and Level Annotations

Branches:
Dungeon (11/15)            Temple (0/1) D:5            Lair (0/5) D:8
  Sewer (visited)
    Orc: D:9-12

Altars:
Dithmenos
Wu Jian

Shops:
D:9 [

Annotations:
D:11 1 transporter, Malificent's ghost, journeyman OnWr


Innate Abilities, Weirdness & Mutations

You can wield a second weapon in your off-hand.
It takes a long time for you to wield or remove held weapons.
Your first few attacks do less damage.
You cannot equip rings or amulets.


Message History

You miss the deep elf knight with your +3 heavy spear.
You impale the deep elf knight with your +0 trident!!
You puncture the deep elf knight with your +0 trident!
The deep elf knight is almost dead.
You closely miss the deep elf knight with your +3 heavy spear.
The deep elf knight hits you but does no damage.
You miss the deep elf knight with your +0 trident.
The deep elf knight is almost dead.
You puncture the deep elf knight with your +3 heavy spear!
You kill the deep elf knight!
Trog accepts your kill.
Trog appreciates your killing of a magic user.
The two-headed ogre changes into a dream sheep!
You hit the fire dragon with your +0 trident.
The fire dragon is lightly wounded.
You puncture the fire dragon with your +3 heavy spear!
You hit the fire dragon with your +0 trident.
The fire dragon is lightly wounded.
You puncture the fire dragon with your +3 heavy spear!
You closely miss the fire dragon with your +0 trident.
The fire dragon is moderately wounded.
You puncture the fire dragon with your +3 heavy spear!
The mana viper changes into a deep troll!
The fire dragon bites you.
* * * LOW HITPOINT WARNING * * *
The fire dragon barely misses you. The fire dragon tramples you.
* * * LOW HITPOINT WARNING * * *
You stumble backwards!
You closely miss the fire dragon with your +0 trident.
The fire dragon is moderately wounded.
You puncture the fire dragon with your +3 heavy spear!
You hit the fire dragon with your +0 trident.
The fire dragon is heavily wounded.
You puncture the fire dragon with your +3 heavy spear!
You are no longer berserk.
You are exhausted.
You feel yourself slow down.
The deep troll changes into a merfolk!
The fire dragon breathes flames at you. The blast of flame hits you!!
You resist.
You die...

.#.#####.## #.## ###. .#.# #.#
######.## #. .#.# #.# #...#...#
## .#.### #.# #. #..#.# # .....#
#.. #.###...# # .###.#####
##.###.## ##### # .# #..##
####)###.###..###### # .###...#
#)[m#D##.#....#.... #
.......####=.)##@..#....#..# ##
##.......###}:######....#.#.. #[
#.........#######......#.#..#.#.
#.......####..........©#O.##. ##
###().### #..###......#O....©
#...# #..# #.....©#O.##..##
##.## #..# #......#W#..# #. #.#
#..# ###....#.#..# ## #.#
#..#####....#..##..


You could see a fire dragon (catching breath) and a merfolk shaped shifter.

Vanquished Creatures
  A stone giant (D:11)
  A yaktaur captain (D:11)
  4 two-headed ogres
  A death yak (D:8)
  Urug (D:11)
  2 deep elf knights (D:11)
  2 gargoyles
  A kobold demonologist (D:8)
  2 komodo dragons
  A hornet (D:8)
  2 trolls (D:10)
  A shadow (D:9)
  A wyvern (D:8)
  A wraith (D:11)
  4 yaks (D:9)
  A vampire (D:11)
  2 basilisks (D:8)
  5 vampire mosquitoes (D:11)
  A steam dragon (D:4)
  3 acid dragons
  3 water moccasins
  3 ice beasts
  4 orc warriors
  6 ogres
  2 black bears
  6 centaurs
  A phantom (D:7)
  2 kobold brigands
  4 gnoll sergeants
  7 bullfrogs
  2 scorpions
  6 wights
  A killer bee (D:7)
  4 howler monkeys
  6 bombardier beetles
  5 hounds
  A jelly (D:7)
  5 orc priests
  2 sleepcaps (D:7)
  A gnoll bouda (D:7)
  Ijyb (D:5)
  3 orc wizards
  A hell rat (Sewer)
  20 gnolls
  4 river rats
  8 adders
  A white imp (D:7)
  4 dart slugs
  2 ribbon worms
  43 orcs
  3 ball pythons
  6 bats
  3 endoplasms
  2 giant cockroaches (D:1)
  5 goblins
  9 hobgoblins
  2 jackals (D:5)
  14 kobolds
  6 quokkas
  2 frilled lizards
  6 rats
253 creatures vanquished.

Vanquished Creatures (collateral kills)
  A deep elf knight (D:11)
1 creature vanquished.

Vanquished Creatures (others)
  A kobold (D:4)
1 creature vanquished.

Grand Total: 255 creatures vanquished

Notes
Turn   | Place    | Note
-------+----------+-------------------------------------------
     0 | D:1      | jejorda2 the Coglin Berserker began the quest for the Orb.
     0 | D:1      | Reached XP level 1. HP: 18/18 MP: 1/1
   134 | D:1      | Reached XP level 2. HP: 24/24 MP: 2/2
   139 | D:1      | Reached skill level 3 in Polearms
   342 | D:1      | Reached XP level 3. HP: 29/29 MP: 3/3
   911 | D:2      | Reached ** piety under Trog
  1123 | D:2      | Reached XP level 4. HP: 37/37 MP: 4/4
  1824 | D:3      | Reached skill level 4 in Polearms
  1824 | D:3      | Reached XP level 5. HP: 36/43 MP: 5/5
  2186 | D:3      | Found a faded altar of an unknown god.
  2540 | D:4      | Noticed an ogre
  2544 | D:4      | Killed an ogre
  2545 | D:4      | Reached skill level 5 in Fighting
  2545 | D:4      | Reached XP level 6. HP: 51/51 MP: 6/6
  2596 | D:4      | Noticed a steam dragon
  2607 | D:4      | Killed a steam dragon
  2608 | D:4      | Reached skill level 5 in Polearms
  2710 | D:4      | Reached XP level 7. HP: 57/57 MP: 7/7
  2975 | D:5      | Entered Level 5 of the Dungeon
  2976 | D:5      | Identified a scroll of acquirement
  2976 | D:5      | Acquired a manual of Fighting
  3052 | D:5      | Reached *** piety under Trog
  3070 | D:5      | Reached skill level 6 in Polearms
  3089 | D:5      | Found a staircase to the Ecumenical Temple.
  3135 | D:5      | Noticed Ijyb
  3144 | D:5      | Killed Ijyb
  3145 | D:5      | Reached XP level 8. HP: 65/65 MP: 8/8
  3518 | D:5      | Found a glowing drain.
  3522 | Sewer    | Entered a sewer
  4674 | D:6      | Reached skill level 7 in Polearms
  4862 | D:6      | Found a shadowy altar of Dithmenos.
  4863 | D:6      | Found an ornate altar of the Wu Jian Council.
  5330 | D:7      | Reached XP level 9. HP: 69/75 MP: 9/9
  5404 | D:7      | Reached skill level 8 in Polearms
  5617 | D:7      | Reached **** piety under Trog
  5699 | D:7      | Reached skill level 5 in Armour
  6029 | D:7      | Reached skill level 9 in Polearms
  6059 | D:7      | Reached skill level 10 in Fighting
  6302 | D:8      | Noticed a kobold demonologist
  6307 | D:8      | Killed a kobold demonologist
  6308 | D:8      | Reached XP level 10. HP: 86/86 MP: 10/10
  6605 | D:8      | Reached skill level 10 in Polearms
  6715 | D:8      | Reached skill level 1 in Evocations
  6848 | D:8      | Noticed a death yak
  6868 | D:8      | Killed a death yak
  7027 | D:8      | Found a staircase to the Lair.
  7056 | D:8      | Noticed a two-headed ogre
  7065 | D:8      | Killed a two-headed ogre
  7316 | D:9      | Reached skill level 11 in Polearms
  7316 | D:9      | Reached XP level 11. HP: 66/95 MP: 11/11
  7440 | D:9      | Found Ynniluq's Antique Armour Emporium.
  7448 | D:9      | Bought a pair of jewelled gloves for 342 gold pieces
  7448 | D:9      | Identified the +0 pair of gloves "Wusutz" {Dex+5} (You
                  | bought it in a shop on level 9 of the Dungeon)
  7459 | D:9      | Reached skill level 5 in Evocations
  7807 | D:10     | Entered Level 10 of the Dungeon
  8043 | D:10     | Reached ***** piety under Trog
  8241 | D:10     | Noticed a two-headed ogre
  8250 | D:10     | Killed a two-headed ogre
  8830 | D:10     | Reached skill level 12 in Polearms
  8883 | D:11     | Noticed Urug
  8904 | D:11     | Killed Urug
  9078 | D:11     | Found a transporter.
  9081 | D:11     | Noticed Malificent's ghost (journeyman OnWr)
  9081 | D:11     | Noticed a two-headed ogre
  9082 | D:11     | Noticed a two-headed ogre
  9082 | D:11     | Noticed a two-headed ogre
  9134 | D:11     | Noticed a two-headed ogre
  9142 | D:11     | Killed a two-headed ogre
  9282 | D:11     | Noticed a two-headed ogre
  9285 | D:11     | Killed a two-headed ogre
  9286 | D:11     | Reached skill level 13 in Polearms
  9434 | D:11     | Noticed a deep elf knight
  9434 | D:11     | Noticed a stone giant
  9434 | D:11     | Noticed a deep elf knight
  9435 | D:11     | Found a runed translucent door.
  9437 | D:11     | Noticed a yaktaur captain
  9437 | D:11     | Noticed a deep elf knight
  9437 | D:11     | Noticed a faun
  9437 | D:11     | Noticed a fire dragon
  9438 | D:11     | a faun changed into a dream sheep
  9442 | D:11     | Killed a deep elf knight
  9443 | D:11     | Reached XP level 12. HP: 102/102 MP: 12/12
  9446 | D:11     | a meliai changed into a shock serpent
  9446 | D:11     | Noticed a shock serpent (glowing shapeshifter)
  9451 | D:11     | Killed a stone giant
  9453 | D:11     | a shock serpent changed into a merfolk
  9458 | D:11     | Killed a yaktaur captain
  9461 | D:11     | Killed a deep elf knight
  9461 | D:11     | an eye of devastation changed into a two-headed ogre
  9461 | D:11     | Noticed a two-headed ogre (glowing shapeshifter)
  9465 | D:11     | Killed a deep elf knight
  9466 | D:11     | a two-headed ogre changed into a dream sheep
  9471 | D:11     | Killed from afar by a fire dragon

Illustrated notes

Levels and vault maps discovered:
D:1:      lemuel_arrival_cross, layout_basic
D:2:      layout_basic, serial_glass, glass_columns_a, glass_columns_c
D:3:      layout_basic, chequers_ecumenical_altar_island,
          chequers_serial_rivers_micro_b
D:4:      layout_basic
D:5:      layout_basic, minmay_temple_entry_mini_moons, gup_sewer_entry_bowl,
          uniq_ijyb
D:6:      layout_basic, amethyst_overflow_temple_binary
D:7:      hangedman_cross_stitches, layout_basic, minmay_bent
D:8:      layout_rooms, david_lair_generic
D:9:      layout_roguey, serial_shops, shop
D:10:     layout_long_grid, special_room [special_room_orc]
D:11:     minmay_gate_of_8, layout_loops_ring, minmay_orc_entry_temple_small,
          gammafunk_ghost_smash, nicolae_shop_fire_sale
          [nicolae_sub_dead_trees], uniq_urug

Skill      XL: |  1  2  3  4  5  6  7  8  9 10 11 12 |
---------------+-------------------------------------+-----
Polearms       | 3 4 5 6 7 9 11 13 | 13.9
Fighting       | 4 5 6 8 10 12 | 12.0
Armour         | 2 4 5 6 |  6.0
Evocations     | 4 8 9 |  9.0
Dodging        | |  1.7

Action                     |  1- 3 |  4- 6 |  7- 9 | 10-12 || total
---------------------------+-------+-------+-------+-------++-------
  Melee: Spear             |    94 |   133 |   289 |   267 ||   783
         Dagger            |    76 |    17 |       |       ||    93
         Trident           |       |       |   119 |   255 ||   374
  Throw: Boomerang         |       |       |     1 |     6 ||     7
         Dart              |       |       |    11 |    29 ||    40
 Invoke: Berserk           |       |     4 |     2 |     4 ||    10
         Trog's Hand       |       |       |     2 |     3 ||     5
         Brothers in Arms  |       |       |       |     1 ||     1
    Use: Scroll            |       |       |    18 |     2 ||    20
 Armour: Animal skin       |    19 |       |       |       ||    19
         Ring mail         |     7 |       |       |       ||     7
         Scale mail        |    11 |     3 |       |       ||    14
         Chain mail        |       |    30 |   108 |   183 ||   321
  Dodge: Dodged            |    38 |    25 |    65 |    59 ||   187

Table legend: (Time is in decaauts)
 A = Elapsed time spent in this place.
 B = Non-inter-level travel time spent in this place.
 C = Inter-level travel time spent in this place.
 D = Time resting spent in this place.
 E = Time spent auto-exploring this place.
 F = Levels seen in this place.
 G = Mean time per level.
                   A        B        C        D        E       F      G
               +--------+--------+--------+--------+--------+-----+--------+
         Total |   9485 |   8990 |    495 |    443 |   6626 |  12 |  790.4 |
       Dungeon |   9356 |   8861 |    495 |    443 |   6573 |  11 |  850.5 |
         Sewer |    129 |    129 |      0 |      0 |     52 |   1 |  129.0 |
               +--------+--------+--------+--------+--------+-----+--------+

Top non-repeatable levels by time:
     D:5: 1390 daAuts
    D:10: 1113 daAuts
     D:7: 957 daAuts
     D:8: 910 daAuts
     D:2: 907 daAuts
     D:3: 822 daAuts
     D:6: 808 daAuts
     D:1: 677 daAuts
     D:9: 658 daAuts
     D:4: 597 daAuts
    D:11: 512 daAuts
   Sewer: 129 daAuts
